 Dungeon Crawl Stone Soup version 0.21.1-1-g345015f (webtiles) character file.

169 Fang the Skirmisher (level 5, 0/34 HPs)
             Began as a Gargoyle Berserker on May 5, 2018.
             Was a Believer of Trog.
             Slain by Grinder (7 damage)
             ... on level 3 of the Dungeon.
             The game lasted 00:03:55 (1078 turns).

Fang the Skirmisher (Gargoyle Berserker)            Turns: 1078, Time: 00:03:56

Health: 0/34       AC:  6    Str: 22    XL:     5   Next: 50%
Magic:  5/5        EV: 12    Int:  7    God:    Trog [**....]
Gold:   122        SH:  0    Dex:  9    Spells: 4/4 levels left

rFire    . . .     SeeInvis .   a - +0 hand axe
rCold    . . .     Gourm    .   (no shield)
rNeg     + . .     Faith    .   b - +0 animal skin
rPois    ∞         Spirit   .   (no helmet)
rElec    +         Reflect  .   (no cloak)
rCorr    .         Harm     .   (no gloves)
MR       .....                  (no boots)
Stlth    +.........             d - amulet of regeneration
HPRegen  0.51/turn              (no ring)
MPRegen  0.09/turn              (no ring)

@: no status effects
A: negative energy resistance 1, electricity resistance, unbreathing,
petrification resistance, rot immunity, AC +4
a: Berserk, Trog's Hand, Burn Spellbooks, Renounce Religion


You were on level 3 of the Dungeon.
You worshipped Trog.
Trog was pleased with you.
You were not hungry.

You visited 1 branch of the dungeon, and saw 3 of its levels.

You collected 122 gold pieces.

Inventory:

Hand Weapons
 a - a +0 hand axe (weapon)
Armour
 b - a +0 animal skin (worn)
Jewellery
 d - an amulet of regeneration (around neck)
 g - an uncursed ring of resist corrosion {unknown}
 o - an uncursed ring of wizardry {unknown}
 q - an uncursed amulet of magic regeneration {unknown}
Scrolls
 h - 2 scrolls of fog {unknown}
 i - 4 scrolls of identify {unknown}
 n - 5 scrolls of teleportation {unknown}
 p - a scroll of enchant armour {unknown}
 r - a scroll of noise {unknown}
Potions
 f - a potion of agility {unknown}
 j - a potion of flight {unknown}
 k - a potion of cancellation {unknown}
 l - a potion of brilliance {unknown}
 s - a potion of lignification {unknown}
 t - a potion of haste {unknown}
Books
 m - a book of Maledictions

   Spells                             Type                      Level
   a - Corona                         Hexes                        1
   b - Ensorcelled Hibernation        Hexes/Ice                    2
   c - Confuse                        Hexes                        3
   d - Tukima's Dance                 Hexes                        3
   e - Dazzling Spray                 Conjuration/Hexes            3
   Trog disapproves of the use of such an item.
Comestibles
 c - 8 rations


   Skills:
 + Level 4.6 Fighting
 + Level 4.0 Axes
 + Level 2.4 Armour
 + Level 2.5 Dodging
 + Level 0.7 Stealth


You had 4 spell levels left.
You didn't know any spells.

Dungeon Overview and Level Annotations

Branches:
Dungeon (3/15)

Altars:
Wu Jian

Annotations:
D:3 Grinder


Innate Abilities, Weirdness & Mutations

You are resistant to torment.
Your stone body is resilient. (AC +4)
You are immune to poison.
You resist negative energy. (rN+)
You are resistant to electric shocks. (rElec)
You can survive without breathing.
You are immune to petrification.
You are immune to rotting.


Message History

* * * LOW HITPOINT WARNING * * *
You hit Grinder.
Grinder is lightly wounded.
Grinder barely misses you.
You barely miss Grinder.
Grinder is lightly wounded.
Grinder gestures at you.
You barely resist. You hit Grinder.
Grinder is lightly wounded.
Grinder barely misses you.
You barely miss Grinder.
Grinder is lightly wounded.
Grinder gestures at you. Pain shoots through your body!
* * * LOW HITPOINT WARNING * * *
You barely miss Grinder.
Grinder is lightly wounded.
Grinder hits you!
You die...

### ... #.....# ### ##.....#
### ##......###### ###.......+
._. +..#... #.........# #.#
#..#.. .# #.........# #@#
#.......##
#.........###5###........###
#........†.....[.....##....###
#......).....................#
#.............................
#.....))).#.....#..†.........#
###..##.#.#####...#..........#
##...).................<....
###.##.####.##......#..###.


You could see Grinder.

Vanquished Creatures
  An orc wizard (D:3)
  Jessica (D:2)
  Natasha (twice) (D:3)
  An adder (D:2)
  An ooze (D:3)
  A worm (D:3)
  A dart slug (D:1)
  3 orcs (D:3)
  2 bats
  3 giant cockroaches (D:1)
  7 goblins
  2 hobgoblins
  6 jackals (D:1)
  A quokka (D:3)
  4 ball pythons (D:2)
  2 frilled lizards
  3 kobolds
  4 rats
45 creatures vanquished.

Notes
Turn   | Place    | Note
-------+----------+-------------------------------------------
     0 | D:1      | Fang the Gargoyle Berserker began the quest for the Orb.
     0 | D:1      | Reached XP level 1. HP: 14/14 MP: 1/1
    31 | D:1      | Reached XP level 2. HP: 9/19 MP: 2/2
   255 | D:1      | Reached XP level 3. HP: 19/24 MP: 3/3
   656 | D:2      | Reached ** piety under Trog
   733 | D:2      | Noticed Jessica
   747 | D:2      | Killed Jessica
   747 | D:2      | Reached XP level 4. HP: 25/29 MP: 4/4
  1017 | D:3      | Noticed Natasha
  1020 | D:3      | Reached XP level 5. HP: 26/34 MP: 5/5
  1023 | D:3      | Killed Natasha
  1034 | D:3      | Noticed Natasha
  1039 | D:3      | Noticed Grinder
  1041 | D:3      | Killed Natasha
  1044 | D:3      | Paralysed by Grinder for 7 turns
  1053 | D:3      | Found an ornate altar of the Wu Jian Council.
  1055 | D:3      | Paralysed by Grinder for 7 turns
  1078 | D:3      | Slain by Grinder

Skill      XL: |  1  2  3  4  5 |
---------------+----------------+-----
Axes           | 3 4 |  4.0
Fighting       | 4 |  4.6
Dodging        | 2 |  2.5
Armour         | |  2.4
Stealth        | |  0.7

Action                   |  1- 3 |  4- 6 || total
-------------------------+-------+-------++-------
Melee: Hand axe          |    77 |    50 ||   127
Invok: Berserk           |       |     1 ||     1
  Use: Potion            |       |     1 ||     1
  Eat: Ration            |       |     1 ||     1
Armor: Animal skin       |    34 |    14 ||    48
Dodge: Dodged            |    83 |    35 ||   118
